Map: Pride of Altaris LE

Players

Zzzolton

  • Race: Protoss Protoss
  • League: Gold
  • Spawn Location: 11:00

Pumba - Winner!

  • Race: Protoss Protoss
  • League: Gold
  • Spawn Location: 5:00

VOD

Have the link to the VOD?

Description

Time

  • Played on: Feb. 1, 2022, 7:22 p.m.
  • Length: 8:41
Show
View Real Time Build Order
Export as new Build Order

Zzzolton Protoss 

Build Orders:  

Get SALT Encoding   

  12  0:00  Probe  
  13  0:19  Probe (Chrono Boost), Pylon  
  15  0:28  Probe (Chrono Boost)  
  15  0:36  Probe  
  15  0:42  Gateway  
  16  0:49  Probe  
  17  0:50  Assimilator  
  17  1:05  Probe (Chrono Boost)  
  18  1:14  Probe (Chrono Boost)  
  18  1:18  Assimilator  
  19  1:19  Probe (Chrono Boost)  
  20  1:31  Zealot, Probe  
  23  1:36  Cybernetics Core  
  23  2:15  Pylon  
  23  2:23  Warp Gate (Chrono Boost)  
  23  2:29  Nexus  
  23  2:33  Adept, Probe  
  26  2:42  Gateway  
  26  2:45  Probe  
  27  2:57  Probe  
  26  3:07  Adept  
  28  3:26  Twilight Council  
  28  3:29  Gateway  
  28  3:30  Gateway  
  28  3:31  Probe (Chrono Boost)  
  28  3:32  Robotics Facility  
  30  3:42  Probe (Chrono Boost)  
  30  3:45  Probe (Chrono Boost)  
  32  3:51  Probe (Chrono Boost)  
  32  3:53  Probe (Chrono Boost)  
  33  3:58  Probe (Chrono Boost)  
  34  4:09  Probe  
  33  4:26  Probe (Chrono Boost)  
  33  4:28  Charge (Chrono Boost)  
  32  4:36  Gateway  
  32  4:37  Probe (Chrono Boost)  
  33  4:39  Gateway  
  33  4:42  Probe (Chrono Boost)  
  33  4:43  Pylon  
  34  4:52  Probe  
  35  5:00  Zealot  
  35  5:01  Zealot x2  
  35  5:02  Zealot  
  35  5:06  Forge  
  43  5:09  Forge  
  43  5:11  Observer  
  44  5:24  Nexus, Assimilator  
  44  5:30  Assimilator  
  44  5:31  Probe  
  45  5:42  Pylon  
  45  5:43  Probe  
  45  5:44  Zealot x4  
  54  5:58  Immortal (Chrono Boost)  
  54  6:00  Probe  
  59  6:04  Pylon  
  59  6:12  Probe  
  60  6:22  Zealot x2  
  60  6:23  Zealot x3  
  70  6:35  Probe  
  70  6:36  Observer, Pylon  
  72  6:41  Pylon  
  72  6:48  Zealot x3  
  72  6:49  Zealot x3  
  84  7:01  Immortal  
  88  7:03  Probe (Chrono Boost)  
  89  7:10  Stalker x2  
  89  7:13  Probe (Chrono Boost)  
  94  7:18  Probe (Chrono Boost)  
  94  7:21  Stalker x2  
  99  7:29  Probe  
  100  7:42  Probe  
Show
View Real Time Build Order
Export as new Build Order

Pumba Protoss - Winner!

Build Orders: 1 Gate Expand, Colossus Rush 

Get SALT Encoding   

  12  0:00  Probe  
  13  0:12  Probe  
  14  0:22  Pylon  
  14  0:24  Probe  
  15  0:40  Probe (Chrono Boost)  
  16  0:46  Gateway  
  17  0:50  Probe (Chrono Boost), Assimilator  
  17  0:55  Probe (Chrono Boost)  
  18  1:07  Probe  
  19  1:19  Probe  
  20  1:28  Nexus  
  20  1:34  Cybernetics Core  
  20  1:36  Probe  
  21  1:44  Assimilator  
  21  1:49  Probe  
  22  1:56  Pylon  
  22  2:01  Probe  
  22  2:02  Warp Gate  
  23  2:12  Stalker (Chrono Boost)  
  23  2:14  Probe  
  26  2:29  Probe  
  27  2:31  Robotics Facility  
  27  2:39  Stalker  
  27  2:41  Probe  
  30  2:47  Probe (Chrono Boost)  
  32  2:59  Probe (Chrono Boost)  
  32  3:09  Stalker  
  32  3:10  Probe  
  35  3:14  Gateway  
  35  3:15  Gateway, Probe  
  35  3:19  Pylon  
  36  3:32  Probe  
  36  3:33  Observer (Chrono Boost)  
  38  3:35  Probe  
  39  3:42  Shield Battery  
  39  3:44  Probe  
  39  3:47  Immortal  
  40  3:48  Pylon  
  40  3:52  Probe  
  45  3:57  Robotics Bay  
  45  4:13  Probe (Chrono Boost)  
  45  4:14  Probe (Chrono Boost)  
  43  4:25  Probe (Chrono Boost)  
  45  4:33  Probe (Chrono Boost), Assimilator  
  45  4:34  Probe (Chrono Boost)  
  45  4:35  Assimilator  
  45  4:36  Sentry x2, Pylon  
  50  4:48  Pylon  
  50  4:52  Probe (Chrono Boost), Pylon  
  52  4:56  Probe (Chrono Boost)  
  52  5:00  Colossus (Chrono Boost)  
  58  5:17  Probe x2  
  60  5:21  Sentry x2  
  64  5:29  Probe  
  64  5:31  Gateway  
  64  5:32  Gateway  
  64  5:33  Gateway  
  64  5:34  Gateway  
  65  5:37  Gateway  
  65  5:40  Colossus (Chrono Boost)  
  71  5:45  Pylon  
  71  5:51  Pylon  
  71  5:52  Probe  
  71  5:53  Probe  
  73  5:59  Sentry x2  
  77  6:12  Extended Thermal Lance  
  77  6:20  Warp Prism  
  79  6:36  Stalker x5  
  89  6:46  Pylon  
  89  6:50  Pylon  
  89  7:04  Stalker x2  
  89  7:05  Stalker x3  
  99  7:09  Pylon  
  99  7:32  Stalker x6  
Tags
 
Add a new tag
Caveats
  • Supply blocks, unpowered buildings, or Contaminate may cause inaccurate times.
  • Supply counts are checked every 10 seconds.